 Dungeon Crawl Stone Soup version 0.27-a0-1065-ge809cff456 (webtiles) character file.

Game seed: 5850346168822755641

388 BritishOli the Sneak (level 6, 0/72 HPs)
             Began as a Demonspawn Delver on Apr 22, 2021.
             Succumbed to Crazy Yiuf's poison
             ... on level 3 of the Dungeon.
             The game lasted 00:05:50 (2492 turns).

BritishOli the Sneak (Demonspawn Delver)            Turns: 2492, Time: 00:05:50

Health: 0/72       AC:  9    Str: 14    XL:     6   Next: 49%
Magic:  0/6        EV:  7    Int: 12    God:
Gold:   145        SH:  4    Dex: 14    Spells: 5/5 levels left

rFire    . . .     SeeInvis .   k - +2 long sword (vorpal)
rCold    . . .     Faith    .   (no shield)
rNeg     + . .     Spirit   .   e - +1 chain mail {rN+}
rPois    .         Reflect  .   (no helmet)
rElec    .         Harm     .   (no cloak)
rCorr    .         Rampage  .   (no gloves)
Will     .....                  (no boots)
Stlth    ..........             (no amulet)
HPRegen  0.22/turn              (no ring)
MPRegen  0.10/turn              (no ring)

@: brilliant, berserking, lethally poisoned (0 -> -5), very quick
A: foul stench 1, condensation shield
a: no special abilities


You were on level 3 of the Dungeon.
You visited 1 branch of the dungeon, and saw 3 of its levels.

You collected 145 gold pieces.

Inventory:

Hand Weapons
 a - a +0 falchion
 k - a +2 vorpal long sword (weapon)
Missiles
 n - 2 boomerangs (quivered)
Armour
 b - a +0 leather armour
 e - a +1 chain mail of positive energy (worn)
Wands
 g - a wand of digging (3)
Scrolls
 c - a scroll of fog
 d - a scroll of magic mapping
 j - a scroll of silence {unknown}
 m - a scroll of identify {unknown}
 o - a scroll of acquirement {unknown}
Potions
 f - a potion of haste
 h - a potion of cancellation {unknown}
 i - a potion of might {unknown}
 p - 2 potions of brilliance


   Skills:
 + Level 4.2 Fighting
 * Level 4.2 Long Blades
 + Level 2.4 Armour
 + Level 3.2 Dodging
 - Level 4.5 Stealth


You had 5 spell levels left.
You didn't know any spells.
Your spell library was empty.

Dungeon Overview and Level Annotations

Branches:
Dungeon (5/15)
 Temple: D:4-7

Altars:
Ru
Uskayaw


Innate Abilities, Weirdness & Mutations

You may rarely emit foul miasma when damaged in melee.
A meltable shield of frost defends you. (SH +4)


Message History

Crazy Yiuf hits you with a +2 quarterstaff of chaos.
There is an open translucent door here.
You barely miss Crazy Yiuf.
Crazy Yiuf hits you with a +2 quarterstaff of chaos.
You are poisoned.
Crazy Yiuf hits you with a +2 quarterstaff of chaos!
You feel your power leaking away.
You slash Crazy Yiuf!
Crazy Yiuf is heavily wounded.
You feel very sick.
Crazy Yiuf hits you with a +2 quarterstaff of chaos!
You are lethally poisoned!
You hit Crazy Yiuf.
Crazy Yiuf is severely wounded.
* * * LOW HITPOINT WARNING * * *
You feel very sick.
Crazy Yiuf drinks a potion.
Crazy Yiuf is healed!
You hit Crazy Yiuf.
Crazy Yiuf is severely wounded.
* * * LOW HITPOINT WARNING * * *
You feel very sick.
Crazy Yiuf yells, "Cake snail alas!"
You block Crazy Yiuf's attack.
You closely miss Crazy Yiuf.
Crazy Yiuf is severely wounded.
* * * LOW HITPOINT WARNING * * *
You feel very sick. You block Crazy Yiuf's attack.
You slash Crazy Yiuf!
You kill Crazy Yiuf!
* * * LOW HITPOINT WARNING * * *
You feel very sick.
It was a potion of brilliance.
You feel clever all of a sudden.
* * * LOW HITPOINT WARNING * * *
You feel sick.
It was a potion of berserk rage.
A red film seems to cover your vision as you go berserk!
You feel yourself moving faster!
You feel mighty!
You die...

#............ ########.....
#.#### ######.## #.......#
###♣♣♣♣♣ #.......#
##....♣.♣♣♣ #### ######..###
##...)..♣..♣#...# #..........
#..)..)♣♣♣♣.@)..# ###........
#.....♣♣ ♣♣#..)# ###.##.....
#.###♣♣ #### #.......... #.#
#.......... #.# #..........
#.# ### ###.......... #.####
#.#######............ #....##
#.#..................
#...(.###....####............


There were no monsters in sight!

Vanquished Creatures
  Grinder (D:3)
  A black bear (D:4)
  Crazy Yiuf (D:3)
  An orc priest (D:4)
  Terence (D:3)
  11 orcs
  3 ball pythons
  2 endoplasms (D:3)
  A hobgoblin (D:3)
  A quokka (D:4)
  A bat (D:3)
  A frilled lizard (D:3)
25 creatures vanquished.

Vanquished Creatures (others)
  12 plants (D:4)
12 creatures vanquished.

Grand Total: 37 creatures vanquished

Notes
Turn   | Place    | Note
-------+----------+-------------------------------------------
     0 | D:5      | BritishOli the Demonspawn Delver began the quest for the
                  | Orb.
     0 | D:5      | Reached XP level 1. HP: 18/18 MP: 1/1
   317 | D:4      | Found a hide-covered altar of Uskayaw.
   422 | D:4      | Gained mutation: You may rarely emit foul miasma when
                  | damaged in melee. [demonic ancestry]
   422 | D:4      | Reached XP level 2. HP: 12/24 MP: 2/2
   953 | D:4      | Reached skill level 1 in Armour
   953 | D:4      | Reached XP level 3. HP: 4/29 MP: 3/3
  1354 | D:3      | Noticed Terence
  1451 | D:3      | Killed Terence
  1452 | D:3      | Reached XP level 4. HP: 30/35 MP: 4/4
  1735 | D:3      | Found a runed translucent door.
  1736 | D:3      | Noticed Crazy Yiuf
  1761 | D:3      | Noticed a black bear
  1764 | D:3      | Noticed Grinder
  1791 | D:4      | Killed a black bear
  1792 | D:4      | Reached XP level 5. HP: 16/42 MP: 5/5
  2088 | D:3      | Paralysed by Grinder for 3 turns
  2107 | D:3      | Paralysed by Grinder for 6 turns
  2121 | D:3      | Killed Grinder
  2122 | D:3      | Gained mutation: A meltable shield of frost defends you.
                  | (SH +4) [demonic ancestry]
  2122 | D:3      | Reached XP level 6. HP: 27/48 MP: 6/6
  2406 | D:3      | Found a sacrificial altar of Ru.
  2490 | D:3      | Killed Crazy Yiuf
  2490 | D:3      | HP: 2/48 [poisoned by Crazy Yiuf]
  2492 | D:3      | Succumbed to Crazy Yiuf's poison

Illustrated notes

Levels and vault maps discovered:
D:3:      layout_loops_ring, nicolae_overflow_hidden_temple, uniq_terence,
          uniq_grinder, uniq_crazy_yiuf_cottage
D:4:      layout_gridville, amcnicky_altar_gilded, minmay_lizard_king
D:5:      layout_gridville, minmay_temple_entry_enclosed_plants

Skill      XL: |  1  2  3  4  5 |
---------------+----------------+-----
Long Blades    | 2 3 4 |  4.2
Dodging        | 2 3 |  3.2
Armour         | 1 2 |  2.4
Fighting       | 4 |  4.2
Stealth        | |  4.5

Action                   |  1- 3 |  4- 6 || total
-------------------------+-------+-------++-------
Melee: Long sword        |    38 |    38 ||    76
Throw: Boomerang         |       |     9 ||     9
  Use: Scroll            |     1 |       ||     1
       Potion            |       |     2 ||     2
 Stab: Sleeping          |     2 |       ||     2
Armor: Leather armour    |     6 |       ||     6
       Chain mail        |       |    32 ||    32
Dodge: Dodged            |    20 |     9 ||    29
Block: Other             |       |     2 ||     2
       Rpst.: Long sword |     3 |     2 ||     5

Table legend: (Time is in decaauts)
 A = Elapsed time spent in this place.
 B = Non-inter-level travel time spent in this place.
 C = Inter-level travel time spent in this place.
 D = Time resting spent in this place.
 E = Time spent auto-exploring this place.
 F = Levels seen in this place.
 G = Mean time per level.
                   A        B        C        D        E       F      G
               +--------+--------+--------+--------+--------+-----+--------+
         Total |   2515 |   2449 |     66 |   1053 |   1151 |   3 |  838.3 |
       Dungeon |   2515 |   2449 |     66 |   1053 |   1151 |   3 |  838.3 |
               +--------+--------+--------+--------+--------+-----+--------+

Top non-repeatable levels by time:
     D:3: 1351 daAuts
     D:4: 855 daAuts
     D:5: 308 daAuts
